 Dungeon Crawl Stone Soup version 0.28.0-62-gf88900778d (webtiles) character file.

Game seed: 15461271752649150640

3185 Coron the Artisan of Death (level 9, -6/82 HPs)
             Began as a Deep Dwarf Delver on Apr 1, 2023.
             Was a Priest of Kikubaaqudgha.
             Mangled by an orc warrior
             ... wielding a +0 war axe
              (13 damage)
             ... in a bailey.
             The game lasted 00:34:52 (6824 turns).

Coron the Artisan of Death (Deep Dwarf Delver)      Turns: 6824, Time: 00:34:53

Health: -6/82      AC:  8    Str: 23    XL:     9   Next: 64%
Magic:  13/13      EV: 12    Int: 13    God:    Kikubaaqudgha [***...]
Gold:   299        SH:  0    Dex: 14    Spells: 12/18 levels left

rFire   x . .      SeeInvis .   D - +3 trident of the Modern Mice {venom, rF- rCorr Str+5 Stlth+}
rCold   . . .      Faith    .   (no shield)
rNeg    . . .      Spirit   .   j - +0 ring mail
rPois   .          Reflect  .   r - +0 helmet
rElec   .          Harm     .   h - scarf {shadows}
rCorr   +          Rampage  .   (no gloves)
Will    +....                   (no boots)
Stlth   +++.......              (no amulet)
HPRegen 0.00/turn               (no ring)
MPRegen 0.13/turn               (no ring)

@: no status effects
A: damage resistance, heal wounds, sense surroundings 2, no regeneration
a: Heal Wounds, Renounce Religion, Receive Corpses


You were in a bailey.
You worshipped Kikubaaqudgha.
Kikubaaqudgha was most pleased with you.
You visited 1 branch of the dungeon, and saw 8 of its levels.
You also visited: Bailey.

You collected 299 gold pieces.

Inventory:

Hand Weapons
 a - a +0 hand axe
 e - a +2 flail of venom
 m - a +0 war axe
 x - a +0 hunting sling
 D - the +3 trident of the Modern Mice (weapon) {venom, rF- rCorr Str+5 Stlth+}
   (You found it on level 7 of the Dungeon)

   It poisons the flesh of those it strikes.
   Str:       It affects your strength (+5).
   rF:        It makes you vulnerable to fire.
   rCorr:     It protects you from acid and corrosion.
   Stlth:     It makes you more stealthy.
 F - a +3 vampiric whip
 I - a +0 broad axe
Missiles
 k - 166 stones
 l - 4 poisoned darts (quivered)
 C - 18 sling bullets
Armour
 h - a scarf of shadows (worn)
 j - a +0 ring mail (worn)
 n - a +0 plate armour
 r - a +0 helmet (worn)
 t - a +0 tower shield
 v - a +0 chain mail
 w - a +0 scale mail
Jewellery
 B - a +4 ring of evasion
Wands
 g - a wand of digging (11)
Scrolls
 b - 2 scrolls of acquirement
 c - 3 scrolls of fog
 d - 3 scrolls of magic mapping
 u - 2 scrolls of teleportation
 y - a scroll of summoning {unknown}
 A - a scroll of enchant armour {unknown}
 E - a scroll of amnesia {unknown}
 G - 2 scrolls of fear
 H - a scroll of vulnerability {unknown}
 K - a scroll of blinking {unknown}
Potions
 f - 3 potions of haste
 i - a potion of invisibility {unknown}
 o - 3 potions of resistance
 p - a potion of brilliance
 q - a potion of curing
 s - a potion of might
 z - a potion of mutation
 J - a potion of heal wounds {unknown}


   Skills:
 - Level 6.0 Fighting
 - Level 3.0(3.1) Axes
 - Level 1.1(2.0) Polearms
 + Level 7.5 Armour
 - Level 3.0 Dodging
 - Level 6.0 Stealth
 - Level 5.0 Spellcasting
 - Level 8.0 Necromancy


You had 12 spell levels left.
You knew the following spells:

 Your Spells              Type           Power      Damage    Failure   Level
a - Pain                  Necr           96%        1d8       1%          1
b - Animate Skeleton      Necr           48%        N/A       1%          1
c - Dispel Undead         Necr           24%        3d12      10%         4

Your spell library contained the following spells:

 Spells                   Type           Power      Damage    Failure   Level
 Sublimation of Blood     Necr           24%        N/A       1%          2
 Corpse Rot               Necr/Air       26%        N/A       8%          2
 Animate Dead             Necr           12%        N/A       10%         4
 Magic Dart               Conj           12%        1d3       26%         1
 Shock                    Conj/Air       12%        1d3       26%         1
 Excruciating Wounds      Necr           12%        N/A       28%         5
 Call Imp                 Summ           3%         N/A       38%         2
 Anguish                  Hex/Necr       6%         N/A       45%         4
 Call Canine Familiar     Summ           3%         N/A       63%         3
 Mephitic Cloud           Conj/Pois/Air  3%         N/A       63%         3
 Portal Projectile        Hex/Tloc       6%         N/A       63%         3
 Swiftness                Air            3%         N/A       63%         3
 Death Channel            Necr           12%        N/A       83%         6
 Airstrike                Air            1%         N/A       95%         4
 Leda's Liquefaction      Hex/Erth       1%         N/A       95%         4
 Simulacrum               Ice/Necr       6%         N/A       100%        6


Dungeon Overview and Level Annotations

Branches:
Dungeon (8/15)             Temple (0/1) D:7          Bailey (1/1)
   Lair: D:8-11

Altars:
Dithmenos
Fedhas
Kikubaaqudgha
Sif Muna
Vehumet
Wu Jian
Xom

Annotations:
D:5 2 transporters
D:6 1 runed translucent door, Coron's ghost, novice DDDe; Menkaure
D:8 Gastronok Bailey 3 runed translucent doors


Innate Abilities, Weirdness & Mutations

You are resistant to damage.
You can heal yourself by infusing magical energy.
You passively map the area around you.
You do not regenerate.


Message History

D - the +3 trident of the Modern Mice (weapon)
{venom, rF- rCorr Str+5 Stlth+} Your kobold skeleton crumbles into dust!
The orc warrior hits your orc skeleton with a +0 war axe.
Your orc skeleton is destroyed!
The orc warrior hits your kobold skeleton with a +0 war axe!
Your kobold skeleton is destroyed!
Unknown command.
The orc warrior hits your hobgoblin skeleton with a +0 war axe!
Your hobgoblin skeleton is destroyed!
You closely miss the orc warrior.
The orc warrior hits you with a +0 broad axe.
* * * LOW HITPOINT WARNING * * *
You puncture the orc warrior!
The orc warrior is poisoned.
The orc warrior is moderately wounded.
The orc warrior hits you with a +0 broad axe!
* * * LOW HITPOINT WARNING * * *
You feel much better. The orc warrior misses you.
The orc warrior hits you with a +0 broad axe!
You hit the orc warrior.
The orc warrior looks as sick as possible!
The orc warrior is heavily wounded.
The orc warrior hits you with a +0 war axe!
The orc warrior completely misses you.
The orc warrior hits you with a +0 war axe!
* * * LOW HITPOINT WARNING * * *
You kill the orc warrior!
Kikubaaqudgha accepts your kill.
Reach: D) +3 trident of the Modern Mice {venom, rF- rCorr Str+5 Stlth+}
Press: ? - help, Dir - move target, f - orc warrior
Aim: an orc warrior, wielding a +0 war axe and wearing a +0 ring mail (about 41% to evade the +3 trident of the Modern Mice)
You reach to attack!
You hit the orc warrior.
The orc warrior is lightly wounded.
You closely miss the orc warrior.
The orc warrior is lightly wounded.
The orc warrior hits you with a +0 war axe!
* * * LOW HITPOINT WARNING * * *
You fail to use your ability.
The orc warrior hits you with a +0 war axe!
You die...
Kikubaaqudgha rasps: "You have failed me!
Welcome... death!"

8,..8, #.)≈≈...♣ *
,, ....###'###..♣♣
,*
.8...8.≈#....##.♣
≈≈≈≈≈≈≈≈#.(...##♣
#≈≈≈####......##
,.#+++#......8...#
................#
......)......)..#
8
......)..8..8@.##
#######.....o.## ,
* ##.....## *
##...## #####


You could see an orc warrior.

Vanquished Creatures
  Grinder (D:6)
  3 water moccasins
  6 orc warriors
  A sky beast (D:5)
  2 ogres (D:6)
  2 necrophages
  A phantom (D:5)
  3 bullfrogs
  3 scorpions
  A water moccasin zombie (D:6)
  10 killer bees (D:7)
  2 centaur zombies (D:7)
  2 hounds (D:6)
  4 orc priests
  2 centaur skeletons
  2 jellies (D:5)
  A gnoll shaman (D:7)
  An orc wizard (D:7)
  2 iguanas
  A howler monkey zombie (D:5)
  7 gnolls
  8 adders
  A white imp (D:5)
  A worm (D:2)
  A dart slug (D:1)
  29 orcs
  4 ball pythons
  3 bats
  3 endoplasms
  3 giant cockroaches
  12 goblins
  10 hobgoblins
  13 kobolds
  5 quokkas
  4 frilled lizards
  6 rats
160 creatures vanquished.

Vanquished Creatures (others)
  6 plants (D:5)
6 creatures vanquished.

Grand Total: 166 creatures vanquished

Notes
Turn   | Place    | Note
-------+----------+-------------------------------------------
     0 | D:5      | Coron the Deep Dwarf Delver began the quest for the Orb.
     0 | D:5      | Reached XP level 1. HP: 20/20 MP: 1/1
    16 | D:5      | Noticed an iguana
    70 | D:4      | Noticed an ogre
   323 | D:1      | Reached XP level 2. HP: 21/27 MP: 2/2
   749 | D:1      | Reached XP level 3. HP: 14/34 MP: 3/3
   960 | D:2      | Reached skill level 1 in Armour
  1150 | D:2      | Reached XP level 4. HP: 29/42 MP: 4/4
  1441 | D:2      | Found an ornate altar of the Wu Jian Council.
  1463 | D:2      | You fall into a shaft and drop 2 floors!
  1705 | D:2      | Found a faded altar of an unknown god.
  1738 | D:2      | Prayed at the altar of an unknown god.
  1738 | D:2      | Became a worshipper of Kikubaaqudgha
  1738 | D:2      | Reached * piety under Kikubaaqudgha
  1738 | D:2      | Received a gift from Kikubaaqudgha
  1741 | D:2      | Learned a level 1 spell: Pain
  2605 | D:3      | Found an ancient bone altar of Kikubaaqudgha.
  2610 | D:3      | Found a blossoming altar of Fedhas.
  2612 | D:3      | Found a faded altar of an unknown god.
  2613 | D:3      | Found a faded altar of an unknown god.
  2618 | D:3      | Found a shadowy altar of Dithmenos.
  2663 | D:3      | Reached skill level 1 in Spellcasting
  2663 | D:3      | Reached XP level 5. HP: 13/49 MP: 4/6
  2680 | D:3      | Learned a level 1 spell: Animate Skeleton
  3064 | D:4      | Reached skill level 2 in Necromancy
  3188 | D:4      | Found a shimmering altar of Xom.
  3748 | D:5      | Reached XP level 6. HP: 35/56 MP: 9/9
  3921 | D:5      | Noticed a sky beast
  3933 | D:5      | Found a radiant altar of Vehumet.
  3977 | D:5      | Reached skill level 3 in Necromancy
  4002 | D:5      | Learned a level 4 spell: Dispel Undead
  4021 | D:5      | Reached ** piety under Kikubaaqudgha
  4053 | D:5      | Identified the +5 spear "Boqoa" {elec, +Blink Fly rC+
                  | Dex+4}
  4053 | D:5      | Identified the +0 scale mail "Uzawneup" {rC+ Str+4}
  4053 | D:5      | Identified the +2 buckler "Qioge" {rF+ Regen+ rCorr Str-2}
  4087 | D:5      | Found a transporter.
  4106 | D:5      | Reached skill level 5 in Armour
  4146 | D:5      | Found a transporter.
  4171 | D:5      | Reached XP level 7. HP: 25/63 MP: 9/9
  4277 | D:5      | Reached skill level 4 in Necromancy
  4512 | D:6      | Found a shimmering blue altar of Sif Muna.
  4553 | D:6      | Reached skill level 5 in Necromancy
  4613 | D:6      | Reached XP level 8. HP: 20/72 MP: 11/11
  4638 | D:6      | Noticed Grinder
  4693 | D:6      | Paralysed by Grinder for 7 turns
  4705 | D:6      | Paralysed by Grinder for 2 turns
  4713 | D:6      | Killed Grinder
  4771 | D:6      | Found a runed translucent door.
  4774 | D:6      | Noticed Coron's ghost (novice DDDe)
  4950 | D:6      | Reached skill level 5 in Fighting
  4999 | D:6      | Noticed Menkaure
  5505 | D:6      | Reached skill level 6 in Necromancy
  5601 | D:7      | Identified the +3 trident of the Modern Mice {venom, rF-
                  | rCorr Str+5 Stlth+}
  5794 | D:7      | Reached skill level 7 in Necromancy
  5803 | D:7      | Reached skill level 1 in Polearms
  5848 | D:7      | Gained mutation: You passively map the area around you.
                  | [Deep Dwarf growth]
  5848 | D:7      | Reached XP level 9. HP: 18/80 MP: 12/12
  6142 | D:7      | Found a staircase to the Ecumenical Temple.
  6192 | D:7      | Reached skill level 8 in Necromancy
  6199 | D:7      | Reached *** piety under Kikubaaqudgha
  6199 | D:7      | Received a gift from Kikubaaqudgha
  6374 | D:8      | Noticed a gargoyle
  6494 | D:8      | Noticed a cyclops
  6529 | D:8      | Found a flagged portal.
  6575 | D:8      | Noticed Gastronok
  6581 | Bailey   | Entered a bailey
  6618 | Bailey   | Noticed an orc warlord
  6741 | Bailey   | Reached skill level 5 in Spellcasting
  6799 | Bailey   | Found a runed translucent gate.
  6800 | Bailey   | Found a runed translucent gate.
  6801 | Bailey   | Found a runed translucent gate.
  6824 | Bailey   | Mangled by an orc warrior

Illustrated notes

Levels and vault maps discovered:
D:1:      minmay_arrival_three_doors, layout_loops_ring
D:2:      minmay_recursive_quarters, layout_loops_ring, basic_altar,
          basic_ecumenical_altar
D:3:      layout_rooms, chequers_temple_overflow_minitemple,
          serial_co_window_serial, co_window_paths_a, co_window_corner_a,
          co_window_of_opportunity_a, co_window_cross_1,
          co_window_of_opportunity_a, co_window_corner_a, co_window_paths_a,
          co_window_paths_c, co_window_of_opportunity_b, co_window_corner_cb,
          co_window_corner_ca, co_window_2corner, co_window_broadway_c,
          co_window_4corner_a, co_window_paths_e, glass_columns_c,
          glass_columns_b
D:4:      layout_basic, mainiacjoe_overflow_chevrons, minivault_1, dk_vineyard_3
D:5:      layout_gridville, amcnicky_altar_gilded, gammafunk_ghost_gnarly_gnolls
D:6:      layout_basic, mainiacjoe_overflow_brackets,
          ebering_ghost_reflecting_pool, hangedman_abyss_or_decor_stagger,
          uniq_menkaure, uniq_grinder
D:7:      layout_rooms, temple_fountains
D:8:      layout_rooms, enter_bailey_3, serial_shops, shop_statue,
          chequers_serial_rivers_small_a, uniq_gastronok
Bailey:   bailey_axe_bossmonster_kennysheep, bailey

Skill      XL: |  1  2  3  4  5  6  7  8  9 |
---------------+----------------------------+-----
Fighting       | 3 4 6 |  6.0
Dodging        | 3 |  3.0
Axes           | 3 |  3.0
Armour         | 2 3 4 5 6 7 |  7.5
Spellcasting   | 1 2 3 5 |  5.0
Necromancy     | 2 3 5 7 8 |  8.0
Polearms       | 1 |  1.1
Stealth        | |  6.0

Action                   |  1- 3 |  4- 6 |  7- 9 || total
-------------------------+-------+-------+-------++-------
Melee: Hand axe          |    67 |       |       ||    67
       War axe           |    56 |    79 |    58 ||   193
       Punch             |     3 |       |     2 ||     5
       Flail             |       |    45 |    52 ||    97
       Trident           |       |       |   113 ||   113
       Whip              |       |       |    55 ||    55
Throw: Dart              |       |     5 |     6 ||    11
       Stone             |       |     3 |       ||     3
 Cast: Pain              |       |     5 |    21 ||    26
       Animate Skeleton  |       |       |    10 ||    10
       Dispel Undead     |       |       |     6 ||     6
Invok: Receive Corpses   |       |       |     1 ||     1
 Abil: Heal Wounds       |     2 |     2 |    13 ||    17
  Use: Scroll            |       |     4 |     3 ||     7
       Potion            |       |     1 |       ||     1
 Stab: Sleeping          |     9 |     5 |     3 ||    17
Armor: Leather armour    |    30 |       |       ||    30
       Ring mail         |     9 |    66 |    98 ||   173
Dodge: Dodged            |    95 |    81 |   185 ||   361
